 Dungeon Crawl Stone Soup version 0.29.1-2-gbd0b4ee654 (webtiles) character file.

Game seed: 727037500002533900

2713 Sabo the Twirler (level 9, 0/64 (68) HPs)
             Began as a Demonspawn Berserker on Nov 17, 2022.
             Was an Elder of Trog.
             Slain by a wight
             ... wielding a +1 spear
              (5 damage)
             ... on level 7 of the Dungeon on Nov 18, 2022.
             The game lasted 00:39:16 (7188 turns).

Sabo the Twirler (Demonspawn Berserker)             Turns: 7188, Time: 00:39:17

HP:   0/64 (68)     AC: 10    Str: 21    XL:     9   Next: 39%
MP:   3/3           EV:  9    Int:  9    God:    Trog [****..]
Gold: 533           SH:  0    Dex: 13    Spells: 8/8 levels left

rFire   . . .      SeeInvis .   A - +4 lajatang (antimagic)
rCold   . . .      Faith    .   (shield currently unavailable)
rNeg    . . .      Spirit   .   F - +0 chain mail
rPois   +          Reflect  .   (helmet restricted)
rElec   .          Harm     .   (no cloak)
rCorr   .          Rampage  .   m - +0 pair of gloves
Will    .....                   (no boots)
Stlth   ..........              g - amulet of regeneration
HPRegen 1.00/turn               p - ring of poison resistance
MPRegen 0.08/turn               (no ring)

@: drained
A: claws 1, hooves 1, horns 1, demonic guardian 1, icemail 2, condensation
shield
a: Renounce Religion, Berserk, Trog's Hand, Brothers in Arms


You were on level 7 of the Dungeon.
You worshipped Trog.
Trog was greatly pleased with you.
You visited 1 branch of the dungeon, and saw 7 of its levels.
You also visited: Ossuary.

You collected 533 gold pieces.

Inventory:

Hand Weapons
 f - a +0 sling
 k - a +0 war axe
 t - a +5 short sword
 A - a +4 antimagic lajatang (weapon)
Missiles
 y - 11 poisoned darts (quivered)
 D - 2 throwing nets
Armour
 c - a +1 leather armour of poison resistance
 m - a +0 pair of gloves (worn)
 v - a +2 helmet
 B - a +0 kite shield
 F - a +0 chain mail (worn)
Jewellery
 g - an amulet of regeneration (around neck)
 i - a ring of protection from fire
 p - a ring of poison resistance (left hand)
Wands
 r - a wand of iceblast (8)
Scrolls
 b - 3 scrolls of fog
 l - a scroll of enchant weapon
 n - 3 scrolls of teleportation
 q - a scroll of poison
 w - a scroll of fear {unknown}
Potions
 d - a potion of invisibility {unknown}
 e - 2 potions of magic {unknown}
 h - 3 potions of attraction {unknown}
 j - 2 potions of cancellation {unknown}
 o - a potion of brilliance {unknown}
 x - 9 potions of curing
 z - a potion of might
 C - a potion of flight {unknown}
 E - 2 potions of lignification {unknown}


   Skills:
 + Level 5.3 Fighting
 + Level 3.2 Short Blades
 + Level 4.3 Axes
 + Level 6.7 Staves
 + Level 4.8 Armour
 + Level 4.1 Dodging
 + Level 2.1 Stealth
 + Level 3.1 Shields


You had 8 spell levels left.
You didn't know any spells.
Your spell library was empty.

Dungeon Overview and Level Annotations

Branches:
Dungeon (7/15)             Temple (0/1) D:5         Ossuary (visited)

Altars:
Ashenzari
Fedhas
Nemelex Xobeh
Qazlal
Ru
Trog


Innate Abilities, Weirdness & Mutations

You have sharp fingernails.
You have large cloven feet.
You have a pair of small horns on your head.
A weak demonic guardian rushes to your aid.
A meltable icy envelope protects you from harm. (AC +0)
A meltable shield of frost defends you. (SH +0)


Message History

The wight hits you from afar with a +1 spear.
You feel drained.
You barely miss the wight. You kick the wight. Your headbutt misses the wight.
The wight is lightly damaged.
The wight hits you with a +0 great sword.
The wight barely misses you.
The wight hits you but does no damage. x2
You slice the wight!!
You destroy the wight!
Trog accepts your kill. The wight closely misses you.
The wight hits you from afar with a +1 spear.
You closely miss the wight. Your kick misses the wight.
The wight hits you with a +0 great sword!
The wight hits you with a +0 mace.
The wight hits you with a +1 scimitar of flaming!
The wight burns you.
The wight hits you from afar with a +1 spear.
You slice the wight!!
You destroy the wight!
Trog accepts your kill.
The wight hits you with a +0 great sword!
* * * LOW HITPOINT WARNING * * *
The wight hits you with a +1 scimitar of flaming!
* * * LOW HITPOINT WARNING * * *
A demonic guardian appears!
The wight burns you.
* * * LOW HITPOINT WARNING * * *
The wight barely misses you.
You feel better.
The wight hits you with a +0 great sword.
* * * LOW HITPOINT WARNING * * *
You feel drained.
* * * LOW HITPOINT WARNING * * *
The wight hits you with a +1 scimitar of flaming.
* * * LOW HITPOINT WARNING * * *
You feel drained.
* * * LOW HITPOINT WARNING * * *
The wight burns you.
* * * LOW HITPOINT WARNING * * *
The wight hits you from afar with a +1 spear.
You die...

..........#
.........#
........+
#.......#
#.......# #
#..z....#
#...##zz.....#
#......@<....#
#...##5......#
. #.......#
.......).#
..........#
............+
...##.......#
... #.......#


You could see 3 wights and a friendly shadow imp (summoned).

Vanquished Creatures
  A two-headed ogre (D:6)
  Grinder (D:3)
  An ice beast (D:6)
  An orc warrior (D:6)
  3 ogres
  4 phantoms
  The ghost of Jingleheimer the Chopper, an amateur TeGl of Zin (D:3)
  An elf zombie (Ossuary)
  A necrophage (D:6)
  A scorpion (D:5)
  2 wights (D:7)
  A howler monkey (D:4)
  3 jellies
  2 hounds
  2 human zombies (Ossuary)
  An orc priest (D:4)
  A gnoll bouda (D:3)
  3 iguanas
  Natasha (thrice) (D:2)
  2 orc wizards
  3 mummies
  9 gnolls
  7 adders
  A white imp (D:6)
  5 ufetubi
  4 worms
  A dart slug (D:3)
  9 orcs
  6 endoplasms
  4 giant cockroaches
  13 goblins
  7 hobgoblins
  4 jackals (D:2)
  5 kobolds
  5 quokkas
  6 ball pythons
  5 bats
  A frilled lizard (D:2)
  3 goblin zombies (Ossuary)
  6 hobgoblin zombies (Ossuary)
  A kobold zombie (D:5)
  2 orc zombies (Ossuary)
  7 rats
149 creatures vanquished.

Vanquished Creatures (collateral kills)
  2 orcs (D:6)
2 creatures vanquished.

Vanquished Creatures (others)
  12 plants (D:3)
12 creatures vanquished.

Grand Total: 163 creatures vanquished

Notes
Turn   | Place    | Note
-------+----------+-------------------------------------------
     0 | D:1      | Sabo the Demonspawn Berserker began the quest for the Orb.
     0 | D:1      | Reached XP level 1. HP: 18/18 MP: 1/1
   329 | D:1      | Gained mutation: A meltable shield of frost defends you.
                  | (SH +0) [demonic ancestry]
   329 | D:1      | Reached XP level 2. HP: 8/24 MP: 2/2
   663 | D:1      | Found a faded altar of an unknown god.
  1688 | D:2      | Discovered your monstrous ancestry.
  1688 | D:2      | Gained mutation: You have large cloven feet. [demonic
                  | ancestry]
  1688 | D:2      | Reached XP level 3. HP: 24/29 MP: 3/3
  1944 | D:2      | Reached ** piety under Trog
  2345 | D:2      | Gained mutation: A meltable icy envelope protects you from
                  | harm. (AC +0) [demonic ancestry]
  2345 | D:2      | Reached XP level 4. HP: 28/35 MP: 4/4
  2479 | D:2      | Noticed Natasha
  2488 | D:2      | Killed Natasha
  2698 | D:2      | Noticed Natasha
  2707 | D:2      | Killed Natasha
  2708 | D:2      | Reached skill level 1 in Stealth
  2719 | D:2      | Noticed Natasha
  2737 | D:2      | Killed Natasha
  2738 | D:2      | Gained mutation: A meltable icy envelope protects you from
                  | harm. (AC +0) [demonic ancestry]
  2738 | D:2      | Reached XP level 5. HP: 33/41 MP: 5/5
  2840 | D:3      | Found a runed translucent door.
  2852 | D:3      | Noticed Jingleheimer's ghost (amateur TeGl)
  2933 | D:3      | Found a sparkling altar of Nemelex Xobeh.
  2933 | D:3      | Found a faded altar of an unknown god.
  2941 | D:3      | Found a stormy altar of Qazlal.
  2944 | D:3      | Found a faded altar of an unknown god.
  2946 | D:3      | Found a blossoming altar of Fedhas.
  3038 | D:3      | Reached skill level 1 in Short Blades
  3049 | D:3      | Reached skill level 1 in Shields
  3112 | D:3      | Noticed Grinder
  3129 | D:3      | Killed Grinder
  3130 | D:3      | Gained mutation: A weak demonic guardian rushes to your
                  | aid. [demonic ancestry]
  3130 | D:3      | Reached XP level 6. HP: 48/48 MP: 6/6
  3740 | D:3      | Killed Jingleheimer's ghost
  3741 | D:3      | Gained mutation: You have a pair of small horns on your
                  | head. [demonic ancestry]
  3741 | D:3      | Reached XP level 7. HP: 53/53 MP: 7/7
  4033 | D:4      | Reached *** piety under Trog
  4187 | D:4      | Reached skill level 1 in Staves
  5103 | D:4      | Found a bloodstained altar of Trog.
  5207 | D:4      | Reached skill level 2 in Staves
  5313 | D:4      | Found a broken altar of Ashenzari.
  5426 | D:5      | Entered Level 5 of the Dungeon
  5426 | D:5      | You fall into a shaft and drop 1 floor!
  5449 | D:6      | Reached skill level 3 in Staves
  5449 | D:6      | Reached XP level 8. HP: 37/60 MP: 2/8
  5488 | D:6      | Noticed a two-headed ogre
  5495 | D:6      | Killed a two-headed ogre
  5496 | D:6      | Reached skill level 5 in Staves
  5909 | D:5      | Found a sacrificial altar of Ru.
  5919 | D:5      | Gained mutation: You have sharp fingernails. [demonic
                  | ancestry]
  5919 | D:5      | Reached XP level 9. HP: 62/67 MP: 3/9
  5942 | D:5      | Reached skill level 5 in Fighting
  5945 | D:5      | Found a staircase to the Ecumenical Temple.
  5989 | D:5      | Found a sand-covered staircase.
  5995 | Ossuary  | Entered an ossuary
  6049 | Ossuary  | Reached **** piety under Trog
  6050 | Ossuary  | Reached skill level 6 in Staves
  7188 | D:7      | Slain by a wight

Illustrated notes

Levels and vault maps discovered:
D:1:      dpeg_arrival_subterranean_lakeside_camping, layout_basic,
          dreamdust_ecumenical_altar_statues
D:2:      layout_basic, minmay_misc_feat_columns, corexii_shack, uniq_natasha
D:3:      layout_loops_ring, chequers_temple_overflow_minitemple,
          ebering_ghost_inner_flame, nicolae_grassy_gnolls, uniq_grinder
D:4:      layout_layer_cave, trog_hazing_becter, lemuel_coloured_pillars_altar
D:5:      layout_gridville, nicolae_ru_awakened_eye, minmay_temple_entry_waves,
          nicolae_ossuary_entry_giza
D:6:      layout_loops_ring, kennysheep_generic_room_10
D:7:      layout_gridville, hex_tiny

Skill      XL: |  1  2  3  4  5  6  7  8  9 |
---------------+----------------------------+-----
Dodging        | 2 3 4 |  4.1
Axes           | 3 4 |  4.3
Armour         | 2 3 4 |  4.8
Stealth        | 1 2 |  2.1
Short Blades   | 2 3 |  3.2
Shields        | 1 2 3 |  3.1
Staves         | 3 5 6 |  6.7
Fighting       | 4 5 |  5.3

Action                   |  1- 3 |  4- 6 |  7- 9 || total
-------------------------+-------+-------+-------++-------
Melee: Hand axe          |   119 |    19 |       ||   138
       Kick              |    17 |    38 |    50 ||   105
       Short sword       |       |   118 |       ||   118
       Lajatang          |       |       |   182 ||   182
       Headbutt          |       |       |    30 ||    30
Invok: Berserk           |       |     1 |     1 ||     2
  Use: Scroll            |       |       |    10 ||    10
       Potion            |       |       |     1 ||     1
 Stab: Sleeping          |     2 |       |       ||     2
       Distracted        |       |       |     1 ||     1
Armor: Animal skin       |     6 |       |       ||     6
       Leather armour    |    20 |    14 |       ||    34
       Ring mail         |       |    33 |     3 ||    36
       Scale mail        |       |       |    52 ||    52
       Chain mail        |       |       |    70 ||    70
Dodge: Dodged            |    68 |    74 |   117 ||   259
Block: Other             |    16 |    24 |    43 ||    83
